 Dungeon Crawl Stone Soup version 0.30.1-4-g462c640d31 (webtiles) character file.

Game seed: 16620458968678474275

10868 growler the Zephyrmancer (level 11, -1/63 HPs)
             Began as a Tengu Air Elementalist on Sept 1, 2023.
             Was a Believer of Hepliaklqana.
             Killed by an exploding shadow (30 damage)
             ... ignited by their inner flame
             ... on level 10 of the Dungeon.
             The game lasted 00:42:19 (14349 turns).

growler the Zephyrmancer (Tengu Air Elementalist)  Turns: 14349, Time: 00:42:20

Health: -1/63      AC:  3    Str:  8    XL:     11   Next: 68%
Magic:  5/21       EV: 15    Int: 19    God:    Hepliaklqana [**....]
Gold:   372        SH:  0    Dex: 16    Spells: 12/22 levels left

rFire   . . .        a - +7 Throatcutter {drain, coup de grace}
rCold   . . .        (no shield)
rNeg    . . .        H - +1 robe {Will+}
rPois   +            (helmet restricted)
rElec   .            (no cloak)
rCorr   .            (no gloves)
SInv    .            (boots unavailable)
Will    +....        (no amulet)
Stlth   ++           e - ring of poison resistance
HPRegen 0.30/turn    (no ring)
MPRegen 0.17/turn

%: no passive effects
@: flying quickly and evasively, quick
A: reduced essence, beak, talons 3, nimble flight
a: Renounce Religion, Recall Ancestor, Ancestor Identity


You were on level 10 of the Dungeon.
You worshipped Hepliaklqana.
Hepliaklqana was pleased with you.
You visited 2 branches of the dungeon, and saw 11 of its levels.

You collected 372 gold pieces.

Inventory:

Hand Weapons
 a - the +7 Throatcutter (weapon) {drain, coup de grace}
   (You found it on level 8 of the Dungeon)
 o - a +1 dagger of electrocution
Missiles
 B - a throwing net
Armour
 H - a +1 robe of willpower (worn)
Jewellery
 e - a ring of poison resistance (left hand)
Wands
 h - a wand of digging (7)
 i - a wand of mindburst (12)
 w - a wand of polymorph (4)
 G - a wand of quicksilver (10)
Scrolls
 c - 2 scrolls of noise
 s - a scroll of fear {unknown}
 t - a scroll of blinking {unknown}
 u - a scroll of magic mapping {unknown}
 v - a scroll of enchant weapon {unknown}
 y - a scroll of vulnerability {unknown}
 z - a scroll of poison {unknown}
 A - a scroll of silence {unknown}
 C - a scroll of teleportation {unknown}
 E - a scroll of amnesia {unknown}
Potions
 b - a potion of magic
 d - 4 potions of flight
 f - 2 potions of lignification
 g - a potion of might
 n - 6 potions of curing
 p - 2 potions of berserk rage {unknown}
 q - 4 potions of mutation {unknown}
 x - a potion of ambrosia {unknown}
 D - 2 potions of haste {unknown}
 F - 2 potions of brilliance {unknown}


   Skills:
 + Level 9.4 Fighting
 - Level 7.1(8.1) Short Blades
 + Level 5.8(7.4) Long Blades
 - Level 2.1 Dodging
 - Level 2.0 Stealth
 - Level 6.0 Spellcasting
 - Level 6.0 Conjurations
 + Level 14.2 Air Magic


You had 12 spell levels left.
You knew the following spells:

 Your Spells              Type           Power      Damage    Failure   Level
a - Shock                 Conj/Air       100%       1d9       1%          1
b - Static Discharge      Conj/Air       88%        2-6/arc   1%          2
c - Swiftness             Air            56%        N/A       1%          3
d - Airstrike             Air            28%        2d(4-20)  1%          4

Your spell library contained the following spells:

 Spells                   Type           Power      Damage    Failure   Level
 Cigotuvi's Dreadful Rot  Necr/Pois/Air  46%        N/A       2%          2
 Hailstorm                Conj/Ice       17%        3d6       10%         3
 Freeze                   Ice            20%        1d4       11%         1
 Summon Small Mammal      Summ           20%        N/A       11%         1
 Freezing Cloud           Conj/Ice/Air   15%        6-21      21%         5
 Call Canine Familiar     Summ           5%         N/A       32%         3
 Frozen Ramparts          Ice            10%        1d2       32%         3
 Ignite Poison            Fire/Tmut/Pois 5%         N/A       32%         3
 Inner Flame              Hex/Fire       5%         N/A       32%         3
 Portal Projectile        Hex/Tloc       10%        N/A       32%         3
 Summon Guardian Golem    Hex/Summ       5%         N/A       32%         3
 Tukima's Dance           Hex            5%         N/A       32%         3
 Flame Wave               Conj/Fire      17%        2d7       32%         4
 Sticky Flame             Conj/Fire      17%        2d4       32%         4
 Olgreb's Toxic Radiance  Pois           5%         N/A       73%         4
 Blade Hands              Tmut           2%         N/A       97%         5
 Discord                  Hex            2%         N/A       100%        8
 Ignition                 Fire           2%         3d3       100%        8


Dungeon Overview and Level Annotations

Branches:
Dungeon (9/15)             Temple (1/1) D:6            Lair (0/5) D:8
    Orc: D:9-12

Altars:
Ashenzari
Dithmenos
Elyvilon
Fedhas
Gozag
Hepliaklqana
Makhleb
Nemelex Xobeh
Okawaru
Qazlal
Ru
Sif Muna
Wu Jian
Xom
Yredelemnul
Zin
The Shining One

Annotations:
D:5 3 runed translucent doors, mkat's ghost, novice OgVM


Innate Abilities, Weirdness & Mutations

Your life essence is reduced to manifest your ancestor. (-10% HP)
You have a beak for a mouth.
You have claws for feet.
Your magical nature lets you fly swiftly and evasively.


Message History

The yak is knocked back by the sudden gust.
Reggie B. is knocked back by the sudden gust.
It was a scroll of butterflies.
The yak barely misses Reggie B..
Something hits Reggie B..
Reactivating autopickup.
Casting: Airstrike (safe; 1% risk of failure)
Confirm with . or Enter, or press ? or * to list all spells.
Aiming: Shock (safe; 1% risk of failure)
Press: ? - help, Shift-Dir - straight line, f - yak
Aim: a yak (84% to hit)
Reggie B. avoids your attack.
The zap hits the shadow.
The shadow is moderately damaged.
The zap hits the yak.
The yak is lightly wounded.
The zap hits the yak.
The yak is moderately wounded.
Reggie B. hits the yak with a +0 dagger of draining!
Reggie B. drains the yak.
The shadow hits Reggie B.!
Reggie B. is destroyed!
As you read the scroll labelled ZUMATTETZATHA, it crumbles to dust.
It is a scroll of enchant armour.
Your +0 robe of willpower glows green for a moment.
As you read the scroll labelled XOTOBB FACOW, it crumbles to dust.
The creatures around you are filled with an inner flame!
It was a scroll of immolation.
The shadow hits you!
As you read the scroll labelled FUFASCHERITS, it crumbles to dust.
Your body is wracked with pain!
The yak convulses!
Flame seeps out of the yak.
The yak convulses!
Flame seeps out of the yak.
The yak convulses!
Flame seeps out of the yak.
It was a scroll of torment.
The yak is engulfed in blazing flames.
Flame seeps out of the yak.
The yak is engulfed in blazing flames.
The yak explodes!
The fiery explosion engulfs the yak!!!
The fiery explosion engulfs the yak!!
The fiery explosion engulfs the shadow!!
The fiery explosion engulfs something!!
The shadow explodes!
The fiery explosion engulfs your butterfly!!!
Your butterfly disappears in a burst of colours!
The fiery explosion engulfs you!!
You die...

### # #b# .#. ###
#b### ## #..##.#
#§@b# .#####....#
##§###
....##....####○○##
#......##..##Z○{.#
..............###..#
...............#
##.#
.......R....###.# #
............# ##
........)...#


You could see a centaur zombie (inner flame, unaware).

Vanquished Creatures
  4 two-headed ogres
  Amaemon (D:9)
  An orange demon (D:9)
  An unseen horror (D:8)
  A kobold demonologist (D:8)
  A shadow (D:10)
  11 yaks
  3 vampires
  Grum (D:9)
  Duvessa (D:7)
  An ice beast (D:8)
  7 orc warriors
  A black bear (D:7)
  4 ogres
  A centaur (D:6)
  2 wolves (D:9)
  A phantom (D:6)
  7 kobold brigands (D:8)
  3 scorpions
  2 bullfrogs
  5 killer bees (D:9)
  Dowan (D:7)
  A howler monkey (D:5)
  3 gnoll boudas
  2 jellies
  7 orc priests
  A hound (D:7)
  4 iguanas
  17 orc wizards
  2 sleepcaps
  2 hound zombies (D:5)
  12 gnolls
  3 adders
  A shadow imp (D:6)
  A white imp (D:6)
  An ufetubus (D:5)
  3 worms
  45 orcs
  2 bats
  6 endoplasms
  8 giant cockroaches
  8 hobgoblins
  5 jackals
  6 quokkas
  12 ball pythons
  4 frilled lizards
  11 goblins
  4 kobolds
  4 rats
235 creatures vanquished.

Vanquished Creatures (collateral kills)
  A cyclops (D:7)
  A centaur zombie (D:10)
  A hornet (D:9)
  2 yaks
  A wraith (D:10)
  A centaur (D:8)
  A kobold brigand (D:8)
  An orc wizard (D:8)
  A gnoll (D:8)
  An orc (D:7)
  A hobgoblin (D:8)
  A kobold (D:8)
13 creatures vanquished.

Vanquished Creatures (others)
  A hexer (D:10)
  10 ancestors
11 creatures vanquished.

Grand Total: 259 creatures vanquished

Notes
Turn   | Place    | Note
-------+----------+-------------------------------------------
     0 | D:1      | growler the Tengu Air Elementalist began the quest for the
                  | Orb.
     0 | D:1      | Reached XP level 1. HP: 10/10 MP: 4/4
   182 | D:1      | Found a faded altar of an unknown god.
   309 | D:1      | Reached XP level 2. HP: 15/15 MP: 1/6
   312 | D:1      | Learned a level 2 spell: Static Discharge
   950 | D:1      | Reached XP level 3. HP: 19/19 MP: 1/7
   959 | D:1      | Learned a level 3 spell: Swiftness
  2076 | D:3      | Reached XP level 4. HP: 24/24 MP: 3/9
  2491 | D:3      | Reached skill level 5 in Air Magic
  3239 | D:4      | Gained mutation: Your magical nature lets you fly swiftly
                  | and evasively. [Tengu growth]
  3239 | D:4      | Reached XP level 5. HP: 22/28 MP: 3/10
  3383 | D:4      | Learned a level 4 spell: Airstrike
  3575 | D:4      | Reached XP level 6. HP: 11/32 MP: 2/12
  4016 | D:5      | Entered Level 5 of the Dungeon
  4020 | D:5      | Reached skill level 6 in Air Magic
  4071 | D:5      | Found a runed translucent gate.
  4071 | D:5      | Found a runed translucent gate.
  4071 | D:5      | Found a runed translucent gate.
  4071 | D:5      | Noticed mkat's ghost (novice OgVM)
  4073 | D:5      | Found a basalt altar of Yredelemnul.
  4107 | D:5      | Reached skill level 5 in Conjurations
  4128 | D:5      | Reached XP level 7. HP: 21/36 MP: 0/14
  4517 | D:5      | Reached skill level 7 in Air Magic
  5336 | D:6      | Reached skill level 1 in Fighting
  5336 | D:6      | Reached skill level 5 in Spellcasting
  5418 | D:6      | Reached skill level 8 in Air Magic
  5418 | D:6      | Reached XP level 8. HP: 18/43 MP: 13/16
  5860 | D:6      | Found a stormy altar of Qazlal.
  6087 | D:6      | Found a shimmering blue altar of Sif Muna.
  6226 | D:6      | Found a staircase to the Ecumenical Temple.
  6235 | Temple   | Entered the Ecumenical Temple
  6405 | Temple   | Became a worshipper of Hepliaklqana the Forgotten
  6752 | D:6      | Reached skill level 9 in Air Magic
  7108 | D:7      | Noticed Duvessa
  7113 | D:7      | Noticed Dowan
  7319 | D:7      | Reached skill level 1 in Short Blades
  7663 | D:7      | Killed Duvessa
  7664 | D:7      | Reached XP level 9. HP: 37/52 MP: 9/19
  7680 | D:7      | Killed Dowan
  7893 | D:7      | Noticed a two-headed ogre
  8025 | D:7      | Killed a two-headed ogre
  8026 | D:7      | Reached skill level 5 in Fighting
  8026 | D:7      | Reached skill level 10 in Air Magic
  8212 | D:7      | Reached * piety under Hepliaklqana
  8360 | D:7      | Found a sacrificial altar of Ru.
  8472 | D:7      | Noticed a cyclops
  8982 | D:7      | Killed a cyclops
  8983 | D:7      | Reached skill level 5 in Short Blades
  8983 | D:7      | Reached skill level 11 in Air Magic
  9262 | D:8      | Killed an unseen horror
  9263 | D:8      | Reached XP level 10. HP: 23/54 MP: 0/20
  9454 | D:8      | Found a staircase to the Lair.
  9801 | D:8      | Found the +5 robe of Misfortune {Harm *Corrode *Slow EV+5}
 10567 | D:8      | Reached skill level 12 in Air Magic
 10871 | D:8      | Noticed a kobold demonologist
 10893 | D:8      | Noticed a smoke demon
 11096 | D:8      | Found the +7 Throatcutter {drain, coup de grace}
 11184 | D:8      | Noticed a rust devil
 11323 | D:8      | Noticed a rust devil
 11526 | D:8      | Killed a kobold demonologist
 11678 | D:8      | Found a blossoming altar of Fedhas.
 11708 | D:8      | Found an iron altar of Okawaru.
 11934 | D:9      | Noticed a two-headed ogre
 11947 | D:9      | Killed a two-headed ogre
 12110 | D:9      | Noticed an orange demon
 12110 | D:9      | Noticed Amaemon
 12143 | D:9      | Killed an orange demon
 12277 | D:9      | Noticed a two-headed ogre
 12284 | D:9      | Killed a two-headed ogre
 12285 | D:9      | Reached skill level 13 in Air Magic
 12285 | D:9      | Reached XP level 11. HP: 39/62 MP: 0/21
 12492 | D:9      | Paralysed by a hornet for 3 turns
 12980 | D:9      | Killed Amaemon
 13263 | D:9      | Noticed a two-headed ogre
 13270 | D:9      | Killed a two-headed ogre
 13674 | D:9      | Reached skill level 5 in Long Blades
 13751 | D:9      | Noticed Grum
 13754 | D:9      | Killed Grum
 13881 | D:9      | You are sucked into a shaft and drop 1 floor!
 13881 | D:10     | Entered Level 10 of the Dungeon
 13932 | D:10     | Reached ** piety under Hepliaklqana
 13934 | D:10     | Remembered your ancestor Reggie B. as a hexer
 13998 | D:10     | Reached skill level 14 in Air Magic
 14290 | D:10     | Found a broken altar of Ashenzari.
 14349 | D:10     | Killed by an exploding shadow... ignited by their inner
                  | flame

Illustrated notes

Levels and vault maps discovered:
D:1:      eino_arrival_tree_alley, layout_loops_cross,
          nicolae_ecumenical_snake_handling
D:2:      layout_rooms
D:3:      layout_rooms, minmay_puff
D:4:      layout_basic, palyth_stone_intersect
D:5:      layout_loops_ring, nicolae_yredelemnul_ghost_church,
          gup_sewer_entry_bubbles, minmay_misc_feat_cross
D:6:      layout_gridville, nicolae_sif_muna_little_library,
          nicolae_qazlal_scattered_showers, minmay_temple_entry_poolview,
          chequers_serial_rivers_micro_b
D:7:      layout_basic, lemuel_round_altar, minmay_small_thing, uniq_duvessa
D:8:      layout_rooms, okawaru_altar_gauntlet_db, fedhas_altar_4,
          dpeg_oklobed_lair, dilly_guarded_unrand_throatcut
D:9:      layout_basic, enter_bailey_4, st_stairs_5, uniq_grum, uniq_amaemon
D:10:     minmay_the_grid_triangle_9x9_recursive_2_mashed
          [minmay_the_grid_triangle_9x9_prize_insulated,
          minmay_the_grid_triangle_9x9_empty,
          minmay_the_grid_triangle_9x9_fully_insulated_deathbox,
          minmay_the_grid_triangle_9x9_shrine], layout_layer_cave,
          nicolae_uskayaw_dance_studio, overflow_temple_1_default,
          serial_undead, serial_undead_a, serial_undead_f, serial_undead_e,
          serial_undead_f, minmay_beelzebubs_servants
Temple:   minmay_temple_curvy_branch

Skill      XL: |  1  2  3  4  5  6  7  8  9 10 11 |
---------------+----------------------------------+-----
Conjurations   | 2 3 4 5 6 |  6.0
Air Magic      | 5 6 8 9 11 13 14 | 14.2
Spellcasting   | 3 4 5 6 |  6.0
Fighting       | 1 4 6 8 9 |  9.4
Short Blades   | 2 5 7 |  7.1
Long Blades    | 3 5 |  5.8
Dodging        | |  2.1
Stealth        | |  2.0

Action                     |  1- 3 |  4- 6 |  7- 9 | 10-12 || total
---------------------------+-------+-------+-------+-------++-------
  Melee: Unarmed           |     7 |       |       |       ||     7
         Kick              |     3 |     6 |     9 |    12 ||    30
         Peck              |     1 |     5 |     9 |     7 ||    22
         Dagger            |       |    36 |    36 |    20 ||    92
         Long sword        |       |       |       |    26 ||    26
   Cast: Shock             |    83 |    55 |    72 |    15 ||   225
         Static Discharge  |     4 |    12 |    28 |    32 ||    76
         Airstrike         |       |       |    59 |   113 ||   172
         Swiftness         |       |       |       |     1 ||     1
 Invoke: Ancestor Identity |       |       |     1 |       ||     1
         Recall Ancestor   |       |       |       |     5 ||     5
         Ancestor Life: He |       |       |       |     1 ||     1
  Evoke: Wand              |       |       |     2 |     2 ||     4
    Use: Scroll            |       |     3 |     1 |     5 ||     9
         Potion            |       |     1 |       |     1 ||     2
   Stab: Sleeping          |       |     2 |       |       ||     2
 Armour: Robe              |     1 |     4 |     8 |     5 ||    18
         Skin              |       |    31 |       |       ||    31
  Dodge: Dodged            |    13 |    24 |    33 |    49 ||   119
